| TOP OF THE 1ST |
|
Memphis Redbirds batting - Pitching for New Orleans Zephyrs : RHP Nick Newmaster
|
|
Pitching: RHP Nick Newmaster
|
|
|
Batting: LHB Adam Eisen
|
0-0: Ball 1-0: Ball 2-0: Ball 3-0: Base on Balls
|
|
Batting: RHB Klaas Meij
|
0-0: Ball 1-0: Swinging Strike 1-1: Ball 2-1: Ball 3-1: Foul Ball, location: 2F 3-2: Foul Ball, location: 2F 3-2: Strikes out swinging
|
|
Batting: SHB Gerardo Macias
|
0-0: Fielders Choice at 2nd, 3-6 (Groundball, 3, EV 105.6 MPH)
|
|
Batting: RHB Fabrice Bertin
|
0-0: Called Strike 0-1: Called Strike Gerardo Macias is caught stealing 2nd base 2-4
|
| Top of the 1st over - 0 runs, 0 hits, 0 errors, 0 left on base; Memphis 0 - New Orleans 0 |
| BOTTOM OF THE 1ST |
|
New Orleans Zephyrs batting - Pitching for Memphis Redbirds : RHP Roberto Duron
|
|
Pitching: RHP Roberto Duron
|
|
|
Batting: LHB David Doge
|
0-0: Ground out 5-3 (Groundball, 56S, EV 86.9 MPH)
|
|
Batting: SHB Ramon Martinez
|
0-0: Ball 1-0: Ball 2-0: Ground out U3 (Groundball, 3, EV 84.4 MPH)
|
|
Batting: LHB Eric Bailey
|
0-0: Foul Ball, location: 2F 0-1: Ball 1-1: Foul Ball, location: 2F 1-2: Ball 2-2: Strikes out swinging
|
| Bottom of the 1st over - 0 runs, 0 hits, 0 errors, 0 left on base; Memphis 0 - New Orleans 0 |
| TOP OF THE 2ND |
|
Memphis Redbirds batting - Pitching for New Orleans Zephyrs : RHP Nick Newmaster
|
|
Batting: RHB Fabrice Bertin
|
0-0: Called Strike 0-1: Ground out 5-3 (Groundball, 56S, EV 70.0 MPH)
|
|
Batting: RHB Dan Boykins
|
0-0: Ball 1-0: Called Strike 1-1: Swinging Strike 1-2: Strikes out looking
|
|
Batting: RHB Josh Martin
|
0-0: Ball 1-0: Foul Ball, location: 2F 1-1: Called Strike 1-2: Fly out, F3 (Flyball, 3D, EV 84.4 MPH)
|
| Top of the 2nd over - 0 runs, 0 hits, 0 errors, 0 left on base; Memphis 0 - New Orleans 0 |
| BOTTOM OF THE 2ND |
|
New Orleans Zephyrs batting - Pitching for Memphis Redbirds : RHP Roberto Duron
|
|
Batting: RHB Adam McGurn
|
0-0: Called Strike 0-1: Swinging Strike 0-2: Strikes out swinging
|
|
Batting: RHB Isaiah Brockman
|
0-0: Called Strike 0-1: Ball 1-1: Called Strike 1-2: Ball 2-2: Strikes out swinging
|
|
Batting: RHB Boof Howell
|
0-0: Foul Ball, location: 2F 0-1: Ball 1-1: Swinging Strike 1-2: Strikes out swinging
|
| Bottom of the 2nd over - 0 runs, 0 hits, 0 errors, 0 left on base; Memphis 0 - New Orleans 0 |
| TOP OF THE 3RD |
|
Memphis Redbirds batting - Pitching for New Orleans Zephyrs : RHP Nick Newmaster
|
|
Batting: RHB Joe LaDue
|
0-0: Fly out, F9 (Line Drive, 89M, EV 100.0 MPH)
|
|
Batting: RHB Sam Sours
|
0-0: Called Strike 0-1: Ball 1-1: Foul Ball, location: 2F 1-2: SOLO HOME RUN (Flyball, 7D, EV 98.1 MPH), Distance : 391 ft
|
|
Batting: LHB John Bailey
|
0-0: Ball 1-0: Swinging Strike 1-1: Called Strike 1-2: Strikes out swinging
|
|
Batting: LHB Adam Eisen
|
0-0: Ball 1-0: Foul Ball, location: 2F 1-1: Ball 2-1: SINGLE (Groundball, 6S, EV 62.5 MPH) (infield hit)
|
|
Batting: RHB Klaas Meij
|
0-0: Called Strike 0-1: Foul Ball, location: 2F 0-2: Strikes out swinging
|
| Top of the 3rd over - 1 run, 2 hits, 0 errors, 1 left on base; Memphis 1 - New Orleans 0 |
| BOTTOM OF THE 3RD |
|
New Orleans Zephyrs batting - Pitching for Memphis Redbirds : RHP Roberto Duron
|
|
Batting: SHB Greg Rivera
|
0-0: Ball 1-0: Foul Ball, location: 2F 1-1: SINGLE (Groundball, 34D, EV 104.4 MPH)
|
|
Batting: RHB Masumitsu Sugiura
|
0-0: Ball 1-0: Foul Ball, location: 2F 1-1: SINGLE (Groundball, 5S, EV 70.6 MPH) (infield hit) Greg Rivera to second
|
|
Batting: RHB Harrie de Kam
|
0-0: Ball 1-0: Fielders Choice at 2nd, 1-4 (Groundball, 15, EV 74.4 MPH) Greg Rivera to third
|
|
Batting: LHB David Doge
|
0-0: Fielders Choice at 2nd, 6-4 (Groundball, 6, EV 90.0 MPH) Greg Rivera scores
|
|
Batting: SHB Ramon Martinez
|
0-0: Foul Ball, location: 2F 0-1: Called Strike David Doge steals 2nd base (no throw) 0-2: Foul Ball, location: 2F 0-2: Ball 1-2: Foul Ball, location: 2F 1-2: Ball 2-2: Foul Ball, location: 2F 2-2: Ground out 4-3 (Groundball, 4, EV 95.6 MPH)
|
| Bottom of the 3rd over - 1 run, 2 hits, 0 errors, 1 left on base; Memphis 1 - New Orleans 1 |
| TOP OF THE 4TH |
|
Memphis Redbirds batting - Pitching for New Orleans Zephyrs : RHP Nick Newmaster
|
|
Batting: SHB Gerardo Macias
|
0-0: Ball 1-0: Swinging Strike 1-1: Ball 2-1: Swinging Strike 2-2: Ball 3-2: Strikes out swinging
|
|
Batting: RHB Fabrice Bertin
|
0-0: Called Strike 0-1: Foul Ball, location: 2F 0-2: Strikes out swinging
|
|
Batting: RHB Dan Boykins
|
0-0: Called Strike 0-1: Foul Ball, location: 2F 0-2: Foul Ball, location: 2F 0-2: Ball 1-2: Ground out 1-3 (Groundball, 34S, EV 74.4 MPH)
|
| Top of the 4th over - 0 runs, 0 hits, 0 errors, 0 left on base; Memphis 1 - New Orleans 1 |
| BOTTOM OF THE 4TH |
|
New Orleans Zephyrs batting - Pitching for Memphis Redbirds : RHP Roberto Duron
|
|
Batting: LHB Eric Bailey
|
0-0: Ball 1-0: Foul Ball, location: 2F 1-1: Foul Ball, location: 2F 1-2: Strikes out swinging
|
|
Batting: RHB Adam McGurn
|
0-0: Fly out, F9 (Flyball, 9, EV 75.0 MPH)
|
|
Batting: RHB Isaiah Brockman
|
0-0: Foul Ball, location: 2F 0-1: Foul Ball, location: 2F 0-2: Ball 1-2: Ground out 6-3 (Groundball, 6S, EV 91.2 MPH)
|
| Bottom of the 4th over - 0 runs, 0 hits, 0 errors, 0 left on base; Memphis 1 - New Orleans 1 |
| TOP OF THE 5TH |
|
Memphis Redbirds batting - Pitching for New Orleans Zephyrs : RHP Nick Newmaster
|
|
Batting: RHB Josh Martin
|
0-0: Called Strike 0-1: Fly out, F9 (Flyball, 9, EV 91.9 MPH)
|
|
Batting: RHB Joe LaDue
|
0-0: Ball 1-0: Called Strike 1-1: Ball 2-1: Swinging Strike 2-2: Ground out 6-3 (Groundball, 6, EV 105.0 MPH)
|
|
Batting: RHB Sam Sours
|
0-0: Foul Ball, location: 2F 0-1: Called Strike 0-2: Strikes out swinging
|
| Top of the 5th over - 0 runs, 0 hits, 0 errors, 0 left on base; Memphis 1 - New Orleans 1 |
| BOTTOM OF THE 5TH |
|
New Orleans Zephyrs batting - Pitching for Memphis Redbirds : RHP Roberto Duron
|
|
Batting: RHB Boof Howell
|
0-0: Called Strike 0-1: Called Strike 0-2: Ball 1-2: Ball 2-2: Foul Ball, location: 2F 2-2: Ball 3-2: Base on Balls
|
|
Batting: SHB Greg Rivera
|
0-0: Ball 1-0: Called Strike 1-1: Swinging Strike 1-2: Ball 2-2: Fly out, F8 (Flyball, 89D, EV 86.2 MPH)
|
|
Batting: RHB Masumitsu Sugiura
|
0-0: Ball 1-0: Called Strike Boof Howell is caught stealing 2nd base 2-4 1-1: Swinging Strike 1-2: Foul Ball, location: 2F 1-2: Foul Ball, location: 2F 1-2: Fly out, F6 (Line Drive, 6M, EV 70.0 MPH)
|
| Bottom of the 5th over - 0 runs, 0 hits, 0 errors, 0 left on base; Memphis 1 - New Orleans 1 |
| TOP OF THE 6TH |
|
Memphis Redbirds batting - Pitching for New Orleans Zephyrs : RHP Nick Newmaster
|
|
Batting: LHB John Bailey
|
0-0: Called Strike 0-1: Called Strike 0-2: Ball 1-2: Fly out, F8 (Flyball, 89M, EV 92.5 MPH)
|
|
Batting: LHB Adam Eisen
|
0-0: Foul Ball, location: 2F 0-1: Foul Ball, location: 2F 0-2: Ball 1-2: SINGLE (Groundball, 34D, EV 105.0 MPH)
|
|
Batting: RHB Klaas Meij
|
0-0: Ball 1-0: Ball 2-0: Ball 3-0: Base on Balls Adam Eisen to second
|
|
Batting: SHB Gerardo Macias
|
0-0: Ball 1-0: Swinging Strike 1-1: Ball 2-1: Swinging Strike 2-2: Strikes out looking
|
|
Batting: RHB Fabrice Bertin
|
0-0: Called Strike 0-1: Ball 1-1: SINGLE (Groundball, 6MS, EV 85.0 MPH) (infield hit) Adam Eisen to third Klaas Meij to second
|
|
Batting: RHB Dan Boykins
|
0-0: Ball 1-0: Called Strike 1-1: Fielders Choice at 2nd, 6-4 (Groundball, 6, EV 85.6 MPH)
|
| Top of the 6th over - 0 runs, 2 hits, 0 errors, 3 left on base; Memphis 1 - New Orleans 1 |
| BOTTOM OF THE 6TH |
|
New Orleans Zephyrs batting - Pitching for Memphis Redbirds : RHP Roberto Duron
|
|
Batting: RHB Harrie de Kam
|
0-0: Reached on error, E4 (Groundball, 4, EV 80.6 MPH)
|
|
Batting: LHB David Doge
|
0-0: SINGLE (Line Drive, 9S, EV 97.5 MPH) Harrie de Kam to third Runner from 3rd tries for Home, SAFE, throw by RF to home
|
|
Batting: SHB Ramon Martinez
|
0-0: Foul Ball, location: 2F 0-1: Ball 1-1: Swinging Strike 1-2: Foul Ball, location: 2F 1-2: Fielders Choice at 2nd, 6-4 (Groundball, 6, EV 96.2 MPH)
|
|
Batting: LHB Eric Bailey
|
0-0: Foul Ball, location: 2F 0-1: Ball Ramon Martinez steals 2nd base (no throw) 1-1: Intentional Walk
|
|
Batting: RHB Adam McGurn
|
0-0: Called Strike 0-1: Ball 1-1: Foul Ball, location: 2F 1-2: Strikes out swinging
|
|
Batting: RHB Isaiah Brockman
|
0-0: Swinging Strike 0-1: Called Strike 0-2: Ball 1-2: Strikes out looking
|
| Bottom of the 6th over - 1 run, 1 hit, 1 error, 2 left on base; Memphis 1 - New Orleans 2 |
| TOP OF THE 7TH |
|
Memphis Redbirds batting - Pitching for New Orleans Zephyrs : RHP Nick Newmaster
|
|
Batting: RHB Josh Martin
|
0-0: Called Strike 0-1: Swinging Strike 0-2: Foul Ball, location: 2F 0-2: Ball 1-2: Strikes out looking
|
|
Batting: RHB Joe LaDue
|
0-0: Called Strike 0-1: Ball 1-1: Foul Ball, location: 2F 1-2: Foul Ball, location: 2F 1-2: Ball 2-2: Fly out, F4 (Popup, 13, EV 83.1 MPH)
|
|
Batting: RHB Sam Sours
|
0-0: Ball 1-0: Ball 2-0: Called Strike 2-1: Fly out, F3 (Popup, 3SF, EV 76.9 MPH)
|
| Top of the 7th over - 0 runs, 0 hits, 0 errors, 0 left on base; Memphis 1 - New Orleans 2 |
| BOTTOM OF THE 7TH |
|
New Orleans Zephyrs batting - Pitching for Memphis Redbirds : RHP Roberto Duron
|
|
Batting: RHB Boof Howell
|
0-0: Ball 1-0: Called Strike 1-1: Ball 2-1: Swinging Strike 2-2: Strikes out looking
|
|
Batting: SHB Greg Rivera
|
0-0: Foul Ball, location: 2F 0-1: Foul Ball, location: 2F 0-2: Ball 1-2: Strikes out swinging
|
|
Batting: RHB Masumitsu Sugiura
|
0-0: Ground out 4-3 (Groundball, 4, EV 85.0 MPH)
|
| Bottom of the 7th over - 0 runs, 0 hits, 0 errors, 0 left on base; Memphis 1 - New Orleans 2 |
| TOP OF THE 8TH |
|
Memphis Redbirds batting - Pitching for New Orleans Zephyrs : RHP Nick Newmaster
|
|
Pitching: RHP Adam Durant
|
|
|
Batting: LHB John Bailey
|
0-0: Called Strike 0-1: Swinging Strike 0-2: Ground out 6-3 (Groundball, 56S, EV 73.8 MPH)
|
|
Batting: LHB Adam Eisen
|
0-0: SINGLE (Line Drive, 4M, EV 99.4 MPH)
|
|
Batting: RHB Klaas Meij
|
0-0: Ball 1-0: Called Strike 1-1: Ball 2-1: Foul Ball, location: 2F 2-2: Strikes out swinging
|
|
Batting: SHB Gerardo Macias
|
0-0: Ball 1-0: Called Strike 1-1: Called Strike 1-2: Strikes out swinging
|
| Top of the 8th over - 0 runs, 1 hit, 0 errors, 1 left on base; Memphis 1 - New Orleans 2 |
| BOTTOM OF THE 8TH |
|
New Orleans Zephyrs batting - Pitching for Memphis Redbirds : RHP Roberto Duron
|
|
Batting: RHB Harrie de Kam
|
0-0: Called Strike 0-1: Ball 1-1: Ground out 6-3 (Groundball, 6, EV 85.0 MPH)
|
|
Batting: LHB David Doge
|
0-0: Ball 1-0: Called Strike 1-1: Called Strike 1-2: Foul Ball, location: 2F 1-2: Ball 2-2: Ball 3-2: Ground out 4-3 (Groundball, 4, EV 80.0 MPH)
|
|
Batting: SHB Ramon Martinez
|
0-0: Called Strike 0-1: Ball 1-1: Ball 2-1: Foul Ball, location: 2F 2-2: Ball 3-2: Fly out, F7 (Flyball, 7S, EV 90.6 MPH)
|
| Bottom of the 8th over - 0 runs, 0 hits, 0 errors, 0 left on base; Memphis 1 - New Orleans 2 |
| TOP OF THE 9TH |
|
Memphis Redbirds batting - Pitching for New Orleans Zephyrs : RHP Adam Durant
|
|
Batting: RHB Fabrice Bertin
|
0-0: Ball 1-0: Called Strike 1-1: Ball 2-1: Swinging Strike 2-2: Strikes out swinging, 2-3 out at first.
|
|
Pinch Hitting: LHB Tsutomu Miyahara
|
0-0: Ball 1-0: SINGLE (Flyball, 89M, EV 99.4 MPH)
|
|
Batting: RHB Josh Martin
|
0-0: Ball 1-0: Ground out 5-3 (Groundball, 56S, EV 71.2 MPH) Tsutomu Miyahara to second
|
|
Batting: RHB Joe LaDue
|
0-0: SINGLE (Line Drive, 89S, EV 110.6 MPH) Tsutomu Miyahara to third Runner from 3rd tries for Home, SAFE, throw by CF to home Joe LaDue to second
|
|
Batting: RHB Sam Sours
|
0-0: Ground out 6-3 (Groundball, 6S, EV 93.1 MPH)
|
| Top of the 9th over - 1 run, 2 hits, 0 errors, 1 left on base; Memphis 2 - New Orleans 2 |
| BOTTOM OF THE 9TH |
|
New Orleans Zephyrs batting - Pitching for Memphis Redbirds : RHP Roberto Duron
|
|
Pitching: LHP John Roe
|
|
|
Now at 1B: Fabrice Bertin
|
|
|
Now in LF: Tsutomu Miyahara
|
|
|
Pinch Hitting: RHB Rick Fell
|
0-0: Ball 1-0: SINGLE (Groundball, 56D, EV 106.2 MPH)
|
|
Pinch Runner at 1st Rafael Irizarry:
|
|
|
Batting: RHB Adam McGurn
|
0-0: Called Strike 0-1: Ball 1-1: Ball 2-1: Foul Ball, location: 2F 2-2: Ball 3-2: Foul Ball, location: 2F 3-2: Ground out 5-3 (Groundball, 5S, EV 86.9 MPH) Rafael Irizarry to second
|
|
Batting: RHB Isaiah Brockman
|
0-0: Intentional Walk
|
|
Batting: RHB Boof Howell
|
0-0: Ground out 5-3 (Groundball, 6S, EV 73.8 MPH) Rafael Irizarry to third Isaiah Brockman to second
|
|
Batting: SHB Greg Rivera
|
0-0: Ground out 4-3 (Groundball, 4, EV 86.2 MPH)
|
| Bottom of the 9th over - 0 runs, 1 hit, 0 errors, 2 left on base; Memphis 2 - New Orleans 2 |
| TOP OF THE 10TH |
|
Memphis Redbirds batting - Pitching for New Orleans Zephyrs : RHP Adam Durant
|
|
Now in LF: Matt Moore
|
|
|
Batting: LHB John Bailey
|
0-0: Foul Ball, location: 2F 0-1: Ball 1-1: Foul Ball, location: 2F 1-2: Foul Ball, location: 2F 1-2: Strikes out swinging
|
|
Batting: LHB Adam Eisen
|
0-0: Fly out, F9 (Flyball, 89M, EV 92.5 MPH)
|
|
Batting: RHB Klaas Meij
|
0-0: Ball 1-0: Ball 2-0: Fly out, F9 (Flyball, 9S, EV 89.4 MPH)
|
| Top of the 10th over - 0 runs, 0 hits, 0 errors, 0 left on base; Memphis 2 - New Orleans 2 |
| BOTTOM OF THE 10TH |
|
New Orleans Zephyrs batting - Pitching for Memphis Redbirds : LHP John Roe
|
|
Batting: RHB Masumitsu Sugiura
|
0-0: Ball 1-0: Ball 2-0: SINGLE (Groundball, 6MD, EV 96.2 MPH)
|
|
Batting: RHB Harrie de Kam
|
0-0: Bunted foul 0-1: Bunted foul 0-2: Fly out, F7 (Flyball, 7, EV 91.9 MPH)
|
|
Batting: LHB David Doge
|
0-0: Called Strike 0-1: Called Strike 0-2: Ball 1-2: Ball 2-2: Foul Ball, location: 2F 2-2: Ball 3-2: Base on Balls Masumitsu Sugiura to second
|
|
Batting: SHB Ramon Martinez
|
0-0: Bunted foul 0-1: Sac Bunt to 13S - play at first, batter OUT! 1-4 Masumitsu Sugiura to third David Doge to second
|
|
Batting: SHB Matt Moore
|
0-0: Called Strike 0-1: Ball 1-1: Called Strike 1-2: Strikes out looking
|
| Bottom of the 10th over - 0 runs, 1 hit, 0 errors, 2 left on base; Memphis 2 - New Orleans 2 |
| TOP OF THE 11TH |
|
Memphis Redbirds batting - Pitching for New Orleans Zephyrs : RHP Adam Durant
|
|
Pitching: LHP Hideo Komatsu
|
|
|
Batting: SHB Gerardo Macias
|
0-0: Ball 1-0: Ball 2-0: Ball 3-0: Called Strike 3-1: Called Strike 3-2: Strikes out swinging
|
|
Batting: RHB Fabrice Bertin
|
0-0: Foul Ball, location: 2F 0-1: Swinging Strike 0-2: Ball 1-2: Foul Ball, location: 2F 1-2: Foul Ball, location: 2F 1-2: Ball 2-2: Ball 3-2: Ground out 4-3 (Groundball, 4, EV 91.9 MPH)
|
|
Pinch Hitting: RHB Mark Cahill
|
0-0: Ball 1-0: Foul Ball, location: 2F 1-1: Foul Ball, location: 2F 1-2: Ball 2-2: Ball 3-2: Ground out 5-3 (Groundball, 5S, EV 90.6 MPH)
|
| Top of the 11th over - 0 runs, 0 hits, 0 errors, 0 left on base; Memphis 2 - New Orleans 2 |
| BOTTOM OF THE 11TH |
|
New Orleans Zephyrs batting - Pitching for Memphis Redbirds : LHP John Roe
|
|
Pitching: RHP Doug Nickey
|
|
|
Now at 1B: Mark Cahill
|
|
|
Now in LF: Fabrice Bertin
|
|
|
Batting: RHB Adam McGurn
|
0-0: Foul Ball, location: 2F 0-1: Ball 1-1: Foul Ball, location: 2F 1-2: Strikes out swinging
|
|
Batting: RHB Isaiah Brockman
|
0-0: Ball 1-0: Ball 2-0: Called Strike 2-1: Foul Ball, location: 2F 2-2: Ball 3-2: Foul Ball, location: 2F 3-2: Strikes out swinging
|
|
Batting: RHB Boof Howell
|
0-0: SINGLE (Groundball, 34D, EV 103.1 MPH)
|
|
Batting: SHB Greg Rivera
|
0-0: Foul Ball, location: 2F 0-1: Ground out 1-3 (Groundball, 13S, EV 74.4 MPH)
|
| Bottom of the 11th over - 0 runs, 1 hit, 0 errors, 1 left on base; Memphis 2 - New Orleans 2 |
| TOP OF THE 12TH |
|
Memphis Redbirds batting - Pitching for New Orleans Zephyrs : LHP Hideo Komatsu
|
|
Batting: RHB Josh Martin
|
0-0: Called Strike 0-1: Ball 1-1: Called Strike 1-2: Ball 2-2: Strikes out swinging
|
|
Batting: RHB Joe LaDue
|
0-0: Ball 1-0: Called Strike 1-1: Foul Ball, location: 2F 1-2: Foul Ball, location: 2F 1-2: Ball 2-2: SINGLE (Groundball, 56D, EV 110.6 MPH)
|
|
Pitching: RHP Giampaolo Nobile
|
|
|
Batting: RHB Sam Sours
|
0-0: Fly out, F8 (Flyball, 8RD, EV 96.2 MPH)
|
|
Batting: LHB John Bailey
|
0-0: Called Strike 0-1: Ball 1-1: Foul Ball, location: 2F 1-2: Strikes out swinging
|
| Top of the 12th over - 0 runs, 1 hit, 0 errors, 1 left on base; Memphis 2 - New Orleans 2 |
| BOTTOM OF THE 12TH |
|
New Orleans Zephyrs batting - Pitching for Memphis Redbirds : RHP Doug Nickey
|
|
Batting: RHB Masumitsu Sugiura
|
0-0: Called Strike 0-1: Ball 1-1: Called Strike 1-2: Ball 2-2: Ball 3-2: Foul Ball, location: 2F 3-2: Fly out, F8 (Flyball, 89M, EV 91.2 MPH)
|
|
Batting: RHB Harrie de Kam
|
0-0: Called Strike 0-1: Called Strike 0-2: Fly out, F8 (Flyball, 8LD, EV 86.9 MPH)
|
|
Batting: LHB David Doge
|
0-0: Foul Ball, location: 2F 0-1: Ball 1-1: Foul Ball, location: 2F 1-2: Strikes out swinging
|
| Bottom of the 12th over - 0 runs, 0 hits, 0 errors, 0 left on base; Memphis 2 - New Orleans 2 |
| TOP OF THE 13TH |
|
Memphis Redbirds batting - Pitching for New Orleans Zephyrs : RHP Giampaolo Nobile
|
|
Batting: LHB Adam Eisen
|
0-0: Ball 1-0: Called Strike 1-1: Called Strike 1-2: Foul Ball, location: 2F 1-2: Strikes out looking
|
|
Batting: RHB Klaas Meij
|
0-0: Ball 1-0: Called Strike 1-1: Called Strike 1-2: Ball 2-2: Ball 3-2: SOLO HOME RUN (Flyball, 89XD, EV 111.2 MPH), Distance : 414 ft
|
|
Batting: SHB Gerardo Macias
|
0-0: Ball 1-0: Called Strike 1-1: Swinging Strike 1-2: Strikes out swinging, 2-3 out at first.
|
|
Batting: RHB Fabrice Bertin
|
0-0: Ground out U3 (Groundball, 34, EV 79.4 MPH)
|
| Top of the 13th over - 1 run, 1 hit, 0 errors, 0 left on base; Memphis 3 - New Orleans 2 |
| BOTTOM OF THE 13TH |
|
New Orleans Zephyrs batting - Pitching for Memphis Redbirds : RHP Doug Nickey
|
|
Batting: SHB Ramon Martinez
|
0-0: Called Strike 0-1: Foul Ball, location: 2F 0-2: Ball 1-2: Ball 2-2: Hit by Pitch
|
|
Batting: SHB Matt Moore
|
0-0: Fly out, F7 (Flyball, 7LM, EV 91.9 MPH)
|
|
Batting: RHB Adam McGurn
|
0-0: Ball 1-0: Ball 2-0: Called Strike 2-1: Ball 3-1: Base on Balls Ramon Martinez to second
|
|
Pitching: RHP Lorenzo Merjil
|
|
|
Batting: RHB Isaiah Brockman
|
0-0: Ball 1-0: Called Strike 1-1: Called Strike 1-2: Ball 2-2: Foul Ball, location: 2F 2-2: Strikes out swinging
|
|
Batting: RHB Boof Howell
|
0-0: Foul Ball, location: 2F 0-1: Foul Ball, location: 2F 0-2: Foul Ball, location: 2F 0-2: Strikes out swinging
|
| Bottom of the 13th over - 0 runs, 0 hits, 0 errors, 2 left on base; Memphis 3 - New Orleans 2 |
|